 Dungeon Crawl Stone Soup version 0.31-a0-806-g0bc164a743 (webtiles) character file.

Game seed: 10271850189349293913

543 Conn the Sneak (level 7, -1/41 HPs)
             Began as an Octopode Fire Elementalist on Sept 21, 2023.
             Slain by a gnoll bouda
             ... wielding a +0 club
              (11 damage)
             ... on level 5 of the Dungeon.
             The game lasted 00:09:27 (4126 turns).

Conn the Sneak (Octopode Fire Elementalist)         Turns: 4126, Time: 00:09:28

Health: -1/41      AC:  1    Str:  7    XL:     7   Next: 27%
Magic:  7/21       EV: 14    Int: 19    God:
Gold:   234        SH:  0    Dex: 15    Spells: 7/13 levels left

rFire   + . .        j - staff of fire
rCold   . . .        (no shield)
rNeg    . . .        (helmet restricted)
rPois   .            h - amulet of magic regeneration
rElec   .            v - ring "Nuosyecw" {MP+9 Dex+2 Stlth+}
rCorr   .            (no ring)
SInv    .            (no ring)
Will    .....        (no ring)
Stlth   +++++        (no ring)
HPRegen 0.26/turn    (no ring)
MPRegen 0.57/turn    (no ring)
                     (no ring)

%: no passive effects
@: very slightly contaminated
A: almost no armour, amphibious, 8 rings, camouflage 1, gelatinous body 1,
(nimble swimmer 1), tentacles
a: no special abilities


You were on level 5 of the Dungeon.
You visited 1 branch of the dungeon, and saw 5 of its levels.

You collected 234 gold pieces.

Inventory:

Hand Weapons
 e - a +0 dagger
 r - a +2 dagger of venom
Magical Staves
 j - a staff of fire (weapon)
 p - a staff of cold
Jewellery
 h - an amulet of magic regeneration (around mantle)
 v - the ring "Nuosyecw" (left tentacle) {MP+9 Dex+2 Stlth+}
   (You found it on level 4 of the Dungeon)

   [ring of magical power]

   Dex+2:     It affects your dexterity (+2).
   MP+9:      It affects your magic capacity (+9).
   Stlth+:    It makes you more stealthy.
Scrolls
 d - a scroll of poison {unknown}
 g - 5 scrolls of identify {unknown}
 i - 2 scrolls of immolation {unknown}
 k - 2 scrolls of enchant armour {unknown}
 l - a scroll of teleportation {unknown}
 m - a scroll of silence {unknown}
 n - 2 scrolls of revelation {unknown}
 t - a scroll of amnesia {unknown}
Potions
 a - a potion of magic
 b - a potion of brilliance {unknown}
 c - 3 potions of curing {unknown}
 f - a potion of invisibility {unknown}
 o - a potion of berserk rage {unknown}
 q - a potion of enlightenment {unknown}
 s - a potion of might {unknown}
 u - a potion of degeneration {unknown}
 w - a potion of attraction {unknown}


   Skills:
 + Level 3.8 Dodging
 + Level 5.4 Stealth
 + Level 3.5 Spellcasting
 + Level 3.3 Conjurations
 + Level 4.4 Fire Magic


You had 7 spell levels left.
You knew the following spells:

 Your Spells              Type           Power      Damage    Failure   Level
a - Foxfire               Conj/Fire      100%       2x1d9     3%          1
b - Scorch                Fire           60%        2d7       3%          2
c - Inner Flame           Hex/Fire       17%        N/A       17%         3

Your spell library contained the following spells:

 Spells                   Type           Power      Damage    Failure   Level
 Magic Dart               Conj           64%        1d6       3%          1
 Searing Ray              Conj           32%        2d5       5%          2
 Necrotise                Necr           12%        1d4       14%         1
 Volatile Blastmotes      Fire/Tloc      34%        2d12      17%         3
 Flame Wave               Conj/Fire      27%        2d9       28%         4
 Vampiric Draining        Necr           3%         2d6       41%         3
 Fulminant Prism          Conj/Hex       4%         3d5       58%         4
 Agony                    Necr           3%         N/A       99%         5


Dungeon Overview and Level Annotations

Branches:
Dungeon (5/15)
 Temple: D:4-7

Altars:

Shops:
D:2 !


Innate Abilities, Weirdness & Mutations

You cannot wear most types of armour.
You are amphibious.
You can wear up to eight rings at the same time.
Your skin changes colour to match your surroundings (Stealth+).
Your rubbery body absorbs attacks. (AC +1, EV +1)
((You are camouflaged when in or above water. (Stealth+)))
You have tentacles for arms and can constrict up to eight enemies at once.


Message History

Casting: Scorch (safe; 3% risk of failure)
Confirm with . or Enter, or press ? or * to list all spells.
You feel a surge of power!
Flames lash the gnoll.
The gnoll is severely wounded.
The gnoll's fire resistance burns away.
Unknown command.
Casting: Scorch (safe; 3% risk of failure)
Confirm with . or Enter, or press ? or * to list all spells.
You feel a surge of power!
You miscast Scorch.
Nothing appears to happen.
The gnoll hits you with a +0 flail!
Unknown command.
Casting: Scorch (safe; 3% risk of failure)
Confirm with . or Enter, or press ? or * to list all spells.
You feel a surge of power!
Flames lash the gnoll bouda.
The gnoll bouda is moderately wounded.
The gnoll bouda's fire resistance burns away.
The gnoll barely misses you.
Unknown command.
Casting: Scorch (safe; 3% risk of failure)
Confirm with . or Enter, or press ? or * to list all spells.
You feel a surge of power!
Flames lash the gnoll bouda.
The gnoll bouda is burned terribly!
The gnoll bouda is severely wounded.
The gnoll barely misses you.
The gnoll bouda hits you with a +0 club!
Casting: Scorch (safe; 3% risk of failure)
Confirm with . or Enter, or press ? or * to list all spells.
You feel a surge of power!
Flames lash the gnoll bouda.
The gnoll bouda is burned terribly!
The gnoll bouda is almost dead.
The gnoll is no longer more vulnerable to fire.
The gnoll misses you. The gnoll bouda barely misses you.
Casting: Scorch (safe; 3% risk of failure)
Confirm with . or Enter, or press ? or * to list all spells.
You feel a surge of power!
Flames lash the gnoll.
The gnoll is almost dead.
The gnoll's fire resistance burns away.
The gnoll hits you with a +0 flail!
* * * LOW HITPOINT WARNING * * *
The gnoll bouda hits you with a +0 club!
You die...

#.#............##.. .
#.#.###...#....# #####
..#...#...#.)..##.....
###.#.#...#.......#
#...#.....##'...#....
#........)###''###...
.....###..#......# #######
.##### ##.#......##......# .#
#.'..##.@'..# .# #.)..##.gg..#
.# #.#......##.# .# #.#......#
.# #
.########.###''#########+# .#
.#........).....#<.......#.#.#
########.......f..#######...##
#............#####....# .
#......###.#.....#....#.#


You could see a gnoll bouda (combustible) and a gnoll (swift, combustible).

Vanquished Creatures
  A phantom (D:4)
  2 howler monkeys
  A gnoll bouda (D:5)
  2 iguanas
  A sleepcap (D:5)
  An orc wizard (D:4)
  9 gnolls
  8 adders
  2 worms (D:2)
  A dart slug (D:2)
  8 orcs
  6 ball pythons
  6 bats
  9 endoplasms
  3 giant cockroaches
  9 goblins
  10 hobgoblins
  2 jackals (D:2)
  3 quokkas
  6 frilled lizards
  7 kobolds
  7 rats
104 creatures vanquished.

Vanquished Creatures (others)
  268 foxfires
268 creatures vanquished.

Grand Total: 372 creatures vanquished

Notes
Turn   | Place    | Note
-------+----------+-------------------------------------------
     0 | D:1      | Conn the Octopode Fire Elementalist began the quest for the
                  | Orb.
     0 | D:1      | Reached XP level 1. HP: 11/11 MP: 3/3
   153 | D:1      | Reached XP level 2. HP: 17/17 MP: 0/5
   227 | D:1      | Reached skill level 3 in Stealth
   342 | D:1      | Learned a level 2 spell: Scorch
   443 | D:1      | Reached XP level 3. HP: 21/21 MP: 3/6
   447 | D:1      | Learned a level 3 spell: Inner Flame
   971 | D:2      | Reached XP level 4. HP: 24/27 MP: 7/7
  1102 | D:2      | Found Doteir's Distillery.
  1892 | D:3      | Reached XP level 5. HP: 31/31 MP: 9/9
  1988 | D:3      | Reached skill level 4 in Stealth
  2378 | D:4      | Noticed a phantom
  2384 | D:4      | Killed a phantom
  2409 | D:4      | Reached XP level 6. HP: 16/36 MP: 6/10
  2958 | D:4      | Identified the ring "Nuosyecw" {MP+9 Dex+2 Stlth+}
  3343 | D:5      | Entered Level 5 of the Dungeon
  3357 | D:5      | Reached skill level 5 in Stealth
  3536 | D:5      | Reached XP level 7. HP: 41/41 MP: 12/12
  4126 | D:5      | Slain by a gnoll bouda

Illustrated notes

Levels and vault maps discovered:
D:1:      dpeg_arrival_three_same_balls, layout_basic
D:2:      cheibrodos_greedy_goblins, layout_loops_ring, serial_shops, shop,
          grunt_ministairs_11, kennysheep_cross_room, guppyfry_early_lair_pool
D:3:      layout_basic
D:4:      layout_basic, serial_bayou_pond_e
D:5:      layout_basic, temple_green, serial_co_window_serial,
          co_window_paths_b, co_window_corner_a, co_window_corner_a,
          co_window_paths_a, co_window_paths_a, co_window_broadway_b,
          co_window_unsneaky_path_c, co_window_of_opportunity_c,
          co_window_cross_2, glass_columns_a, kennysheep_generic_room_15

Skill      XL: |  1  2  3  4  5  6 |
---------------+-------------------+-----
Stealth        | 3 4 5 |  5.4
Conjurations   | 2 3 |  3.3
Dodging        | 3 |  3.8
Spellcasting   | 3 |  3.5
Fire Magic     | 4 |  4.4

Action                     |  1- 3 |  4- 6 |  7- 9 || total
---------------------------+-------+-------+-------++-------
  Melee: Dagger            |     5 |       |       ||     5
         Constrict         |     5 |     7 |       ||    12
         Unarmed           |     1 |       |       ||     1
         Staff             |    13 |    25 |       ||    38
         Tentacles         |     4 |     5 |       ||     9
   Cast: Foxfire           |    65 |    86 |    11 ||   162
         Scorch            |       |    23 |    17 ||    40
         Inner Flame       |       |       |     2 ||     2
   Stab: Sleeping          |     3 |     2 |       ||     5
 Armour: Skin              |    13 |    26 |     5 ||    44
  Dodge: Dodged            |    13 |    40 |     7 ||    60

Table legend: (Time is in decaauts)
 A = Elapsed time spent in this place.
 B = Non-inter-level travel time spent in this place.
 C = Inter-level travel time spent in this place.
 D = Time resting spent in this place.
 E = Time spent auto-exploring this place.
 F = Levels seen in this place.
 G = Mean time per level.
                   A        B        C        D        E       F      G
               +--------+--------+--------+--------+--------+-----+--------+
         Total |   4133 |   4081 |     52 |    150 |   2714 |   5 |  826.6 |
       Dungeon |   4133 |   4081 |     52 |    150 |   2714 |   5 |  826.6 |
               +--------+--------+--------+--------+--------+-----+--------+

Top non-repeatable levels by time:
     D:4: 1242 daAuts
     D:2: 984 daAuts
     D:3: 748 daAuts
     D:1: 587 daAuts
     D:5: 570 daAuts
